 Dungeon Crawl Stone Soup version 0.20.0-15-g7f486f2 (webtiles) character file.

43 Naow the Shield-Bearer (level 3, -5/29 HPs)
             Began as a Formicid Fighter on June 9, 2017.
             Killed from afar by Sigmund (7 damage)
             ... with a puff of flame
             ... on level 2 of the Dungeon.
             The game lasted 00:01:16 (1432 turns).

Naow the Shield-Bearer (Formicid Fighter)           Turns: 1432, Time: 00:01:16

Health: -5/29      AC:  6    Str: 21    XL:     3   Next: 82%
Magic:  3/3        EV:  8    Int:  7    God:
Gold:   39         SH:  9    Dex: 10    Spells: 2/2 levels left

rFire    . . .     SeeInvis +   a - +0 war axe
rCold    . . .     Gourm    .   c - +0 shield
rNeg     . . .     Faith    .   b - +0 scale mail
rPois    .         Spirit   .   (helmet unavailable)
rElec    .         Reflect  .   (no cloak)
rCorr    .         Harm     .   (no gloves)
MR       .....                  (no boots)
Stlth    ..........             (no amulet)
Regen    0.1/turn               (no ring)
MPRegen  0.1/turn               (no ring)

@: no status effects
A: permanent stasis, dig shafts and tunnels, four strong arms, antennae 3
a: Dig, Shaft Self


You were on level 2 of the Dungeon.
You were not hungry.

You visited 1 branch of the dungeon, and saw 2 of its levels.

You collected 39 gold pieces.

Inventory:

Hand Weapons
 a - a +0 war axe (weapon)
Armour
 b - a +0 scale mail (worn)
 c - a +0 shield (worn)
Jewellery
 h - an uncursed ring of resist corrosion {unknown}
 j - an uncursed ring of protection from magic {unknown}
Scrolls
 m - 2 scrolls of fog {unknown}
Potions
 d - 2 potions of might
 g - a potion of lignification {unknown}
 i - a potion of heal wounds {unknown}
 k - a potion of flight {unknown}
 l - a potion of invisibility {unknown}
 n - a potion of haste {unknown}
Comestibles
 f - a bread ration
 o - 4 chunks of flesh


   Skills:
 - Level 3.2 Fighting
 * Level 3.2 Axes
 - Level 3.2 Armour
 + Level 4.3 Shields


You had 2 spell levels left.
You didn't know any spells.

Dungeon Overview and Level Annotations

Branches:
Dungeon (2/15)

Altars:

Annotations:
D:2 Sigmund


Innate Abilities, Weirdness & Mutations

You cannot be hasted, slowed, berserked, paralysed or teleported.
You can dig through walls and to a lower floor.
Your four strong arms can wield two-handed weapons with a shield.
You have a pair of large antennae on your head. (SInv)


Message History

You are confused.
Sigmund points at you and mumbles some strange words.
The puff of flame hits you!
Sigmund points at you and mumbles some strange words.
You are more confused.
You're too confused!
Sigmund gestures at you while chanting. The magic dart hits you!
You're too confused to move!
Sigmund hits you from afar with a scythe.
You're too confused to move!
Sigmund hits you from afar with a scythe!
* * * LOW HITPOINT WARNING * * *
It was a potion of cancellation.
Your magical effects are unravelling.
You feel magically purged.
You feel less confused.
Sigmund points at you and mumbles some strange words.
The puff of flame hits you!
You die...

###### #....# ##### #....# #...#
#....# #...# #....# #...#
#....#### #...######## #........
#..........###.....#..
############....@..@..........#{.
..>...........รท...............#..
###################.#######.#.#..
.. #.# #......#.. ...# #.#
#.###..#.. ...# .. #.# #.##...###
...### ....##.####......## ......
{ .................... .[....
.....##.....#####..#


You could see Sigmund.

Vanquished Creatures
  An adder (D:2)
  An ooze (D:1)
  4 bats (D:1)
  2 hobgoblins (D:1)
  10 jackals
  A frilled lizard (D:1)
  2 goblins
  5 kobolds (D:1)
  A rat (D:1)
27 creatures vanquished.

Notes
Turn   | Place    | Note
-------+----------+-------------------------------------------
     0 | D:1      | Naow the Formicid Fighter began the quest for the Orb.
     0 | D:1      | Reached XP level 1. HP: 18/18 MP: 1/1
    63 | D:1      | Reached skill level 4 in Shields
    63 | D:1      | Reached XP level 2. HP: 24/24 MP: 2/2
   745 | D:1      | Reached XP level 3. HP: 29/29 MP: 3/3
  1403 | D:2      | Noticed Sigmund
  1432 | D:2      | Killed from afar by Sigmund

Skill      XL: |  1  2  3 |
---------------+----------+-----
Shields        | 4 |  4.3
Axes           | 3 |  3.2
Fighting       | |  3.2
Armour         | |  3.2

Action                   || total
-------------------------++-------
Melee: War axe           ||    82
  Use: Potion            ||     1
  Eat: Chunk             ||     2
Armor: Scale mail        ||    34
Dodge: Dodged            ||    48
Block: Shield            ||    55
